 Dungeon Crawl Stone Soup version 0.28-b1-25-g9875b3fc8c (webtiles) character file.

Game seed: 11868199120699977307

14 growler the Gusty (level 2, -1/15 HPs)
             Began as a Tengu Air Elementalist on Jan 31, 2022.
             Splashed by a jelly's acid (7 damage)
             ... on level 1 of the Dungeon.
             The game lasted 00:02:04 (1058 turns).

growler the Gusty (Tengu Air Elementalist)          Turns: 1058, Time: 00:02:04

Health: -1/15      AC:  2    Str:  8    XL:     2   Next: 45%
Magic:  3/6        EV: 12    Int: 15    God:
Gold:   31         SH:  0    Dex: 14    Spells: 2/5 levels left

rFire   . . .      SeeInvis .   (no weapon)
rCold   . . .      Faith    .   (no shield)
rNeg    . . .      Spirit   .   a - +0 robe
rPois   .          Reflect  .   (helmet restricted)
rElec   .          Harm     .   (no cloak)
rCorr   .          Rampage  .   (no gloves)
Will    .....                   (boots unavailable)
Stlth   ++........              (no amulet)
HPRegen 0.05/turn               (no ring)
MPRegen 0.10/turn               (no ring)

@: no status effects
A: beak, talons 3
a: no special abilities


You were on level 1 of the Dungeon.
You visited 1 branch of the dungeon, and saw 1 of its levels.

You collected 31 gold pieces.

Inventory:

Armour
 a - a +0 robe (worn)
 c - a +1 buckler of cold resistance
   (You found it on level 1 of the Dungeon)
Jewellery
 o - a ring of protection from cold
   (You found it on level 1 of the Dungeon)
Scrolls
 b - a scroll of immolation {unknown}
 d - a scroll of fear {unknown}
 e - a scroll of summoning {unknown}
Potions
 f - a potion of might {unknown}


   Skills:
 - Level 2.1 Dodging
 - Level 2.0 Stealth
 + Level 2.3 Spellcasting
 + Level 2.2 Conjurations
 + Level 4.3 Air Magic


You had 2 spell levels left.
You knew the following spells:

 Your Spells              Type           Power      Damage    Failure   Level
a - Shock                 Conj/Air       44%        1d5       5%          1
d - Static Discharge      Conj/Air       11%        N/A       9%          2

Your spell library contained the following spells:

 Spells                   Type           Power      Damage    Failure   Level
 Swiftness                Air            14%        N/A       11%         3
 Airstrike                Air            7%         N/A       34%         4


Dungeon Overview and Level Annotations

Branches:
Dungeon (1/15)

Altars:


Innate Abilities, Weirdness & Mutations

You have a beak for a mouth.
You have claws for feet.


Message History

Aim: a hobgoblin (asleep, 100% to hit)
The zap hits the hobgoblin but does no damage.
The hobgoblin shouts!
Aim: a hobgoblin (68% to hit)
The zap hits the hobgoblin but does no damage.
Aim: a hobgoblin (68% to hit)
The zap hits the hobgoblin.
You kill the hobgoblin!
Found an escape hatch in the floor.
Found a stone staircase leading down.
There is a stone staircase leading down here.
Found an amethyst potion and 14 gold pieces.
f - an amethyst potion You now have 31 gold pieces (gained 14).
You see here 21 stones.
You open the door.
There is an open door here.
You open the door.
The jackal barks! x2; You hear a bark! x2
There is an open door here.
Done exploring.
Done exploring.
There is a fountain of clear blue water here.
The jackal barks!
You hear a bark!
Memorise Static Discharge, consuming 2 spell levels and leaving 2?
The jackal stops to sniff the ground.
You start memorising the spell.
You continue memorising.
The endoplasm quivers.
You continue memorising.
You finish memorising.
Spell assigned to 'd'.
You open the door.
The jackal pauses to sniff the ground.
The jackal pauses to sniff the ground.
There is a fountain of clear blue water here.
There is an open door here.
The jelly hits you.
You are splashed with acid.
The zap hits the jelly. x2
The jelly jiggles.
The jelly closely misses you.
The zap hits the jelly. x2; The jackal barely misses you.
The jelly misses you. The jackal barely misses you.
You don't know that spell.
Aim: a jelly (heavily wounded, 100% to hit)
Okay, then.
The zap hits the jelly.
The zap misses the jackal.
The zap hits the jackal.
The zap misses the jackal.
The zap hits the giant cockroach. x2
The jelly hits you.
* * * LOW HITPOINT WARNING * * *
You are splashed with acid!
You die...

......# #.####### ##.#.
####### #.......#
##.... # #..####.#
#..... # #....##.#
##.... #
##.#.##.######..#
#####.#...........÷.
#.....####..#####..#
####h###.####...####..#
#BJhhJ@...........##..#
#.###############..#...
#.#.............#....^.
#######
#h#....B........#.##...
......#
#h#h...h.BB.....#.##...
.####.#
#J#######h#######...>..
......#
#B#.....hJ......#......
.###..#
#.'⌠..J.###....⌠+......
.# #..#
#.#......<......#......


You could see a jelly, an endoplasm, 3 jackals and a giant cockroach.

Vanquished Creatures
  A ball python (D:1)
  3 endoplasms (D:1)
  3 hobgoblins (D:1)
  A bat (D:1)
  A frilled lizard (D:1)
  A goblin (D:1)
  3 kobolds (D:1)
  A rat (D:1)
14 creatures vanquished.

Notes
Turn   | Place    | Note
-------+----------+-------------------------------------------
     0 | D:1      | growler the Tengu Air Elementalist began the quest for the
                  | Orb.
     0 | D:1      | Reached XP level 1. HP: 10/10 MP: 4/4
     0 | D:1      | Noticed a jelly
     1 | D:1      | Found a runed translucent door.
   412 | D:1      | Reached XP level 2. HP: 15/15 MP: 3/6
  1036 | D:1      | Learned a level 2 spell: Static Discharge
  1058 | D:1      | Splashed by a jelly's acid

Illustrated notes

Levels and vault maps discovered:
D:1:      dpeg_arrival_caged_fury, layout_loops_corners

Skill      XL: |  1 |
---------------+----+-----
Conjurations   | 2 |  2.2
Dodging        | |  2.1
Stealth        | |  2.0
Spellcasting   | |  2.3
Air Magic      | |  4.3

Action                   || total
-------------------------++-------
 Cast: Shock             ||    28
Dodge: Dodged            ||     4
